 Dungeon Crawl Stone Soup version 0.31.0-11-ge490571c62 (webtiles) character file.

Game seed: 17262299469879517347

17 qw the Shooter (level 2, 0/16 HPs)
             Began as a Deep Elf Hunter on Feb 4, 2024.
             Succumbed to their own poison gas
             ... on level 1 of the Dungeon.
             The game lasted 00:00:10 (818 turns).

qw the Shooter (Deep Elf Hunter)                     Turns: 818, Time: 00:00:12

Health: 0/16       AC:  5    Str:  8    XL:     2   Next: 44%
Magic:  4/4        EV: 10    Int: 13    God:
Gold:   51         SH:  0    Dex: 18    Spells: 1/1 levels left

rFire   . . .        a - +0 shortbow
rCold   . . .        (shield currently unavailable)
rNeg    . . .        h - +0 ring mail
rPois   .            (no helmet)
rElec   .            (no cloak)
rCorr   .            (no gloves)
SInv    .            (no boots)
Will    .....        g - amulet of faith
Stlth   +            (no ring)
HPRegen 0.22/turn    (no ring)
MPRegen 0.09/turn

%: faith
@: lethally poisoned (0 -> -15)
A: no striking features
a: no special abilities


You were on level 1 of the Dungeon.
You visited 1 branch of the dungeon, and saw 1 of its levels.

You collected 51 gold pieces.


   Skills:
 - Level 1.5 Fighting
 + Level 6.2 Ranged Weapons
 - Level 2.4 Dodging
 - Level 1.2 Stealth


You had one spell level left.
You didn't know any spells.
Your spell library was empty.

Inventory:

Hand Weapons
 a - a +0 shortbow (weapon)
Armour
 h - a +0 ring mail (worn)
Jewellery
 g - an amulet of faith (around neck)
Scrolls
 f - a scroll of identify
Potions
 i - a potion of might

Dungeon Overview and Level Annotations

Branches:
Dungeon (1/15)

Altars:


Message History

You continue putting on your amulet of faith. x5
You finish putting on your amulet of faith.
You feel a strange surge of divine interest.
g - an amulet of faith (around neck) Done exploring.
812 ||| READING scroll labelled PORETI AQUEQA.
The air fills with toxic fumes!
As you read the scroll labelled PORETI AQUEQA, it crumbles to dust.
It was a scroll of poison.
Done exploring.
813 ||| READING 3 scrolls labelled PAFOEXA TEYRYE.
As you read the scroll labelled PAFOEXA TEYRYE, it crumbles to dust.
It is a scroll of identify.
813 ||| IDENTIFYING brown potion;
d - a potion of ambrosia Done exploring.
814 ||| READING 2 scrolls of identify.
814 ||| IDENTIFYING lumpy silvery potion
As you read the scroll of identify, it crumbles to dust.
i - a potion of might Done exploring.
815 ||| DROPPING scroll of butterflies.
You drop a scroll of butterflies.
Done exploring.
816 ||| DROPPING potion of ambrosia.
You drop a potion of ambrosia.
Done exploring.
What level of the Dungeon? (default 1, ? - help) Sorry, I don't know how to get there.
Enter note:
Enter note:
Enter note:
Enter note:
Enter note:
Enter note:
Enter note:
Enter note:
Enter note: You are engulfed in poison gas.
You are lethally poisoned!
Ouch! That really hurt!
You feel very sick.
818 ||| Stepping ~*~*~tactically~*~*~ (cloud).
You die...

#....#.....###.#.#
#.
#.#######...#.##.#
#.
#....#¤¤..#..###.#
#.
####.#¤##..).....#
#. #.#¤##.#..##..#
#.
#.¤¤##.#..##..#####.
###¤##.#.....#......
#0##.#.###..#####.
#@##.#............
#¤¤........######.
########..........
###########


There were no monsters in sight!

Vanquished Creatures
  A ball python (D:1)
  An endoplasm (D:1)
  A goblin (D:1)
  3 hobgoblins (D:1)
  2 kobolds (D:1)
  A quokka (D:1)
  3 bats (D:1)
  A frilled lizard (D:1)
  A rat (D:1)
14 creatures vanquished.

Notes
Turn   | Place    | Note
-------+----------+-------------------------------------------
     0 | D:1      | qw the Deep Elf Hunter began the quest for the Orb.
     0 | D:1      | Reached XP level 1. HP: 12/12 MP: 3/3
     0 | D:1      | 0 ||| qw: Version: 0.3-a-160-g6735b56
     0 | D:1      | 0 ||| qw: Game counter: 5667
     0 | D:1      | 0 ||| qw: Melee chars always use a shield: true
     0 | D:1      | 0 ||| qw: God list: Okawaru
     0 | D:1      | 0 ||| qw: Allow faded altars: false
     0 | D:1      | 0 ||| qw: Do Orc after clearing Dungeon:15 true
     0 | D:1      | 0 ||| qw: Do second Lair branch before Depths: true
     0 | D:1      | 0 ||| qw: Lair rune preference: random
     0 | D:1      | 0 ||| qw: Goals: Normal
     0 | D:1      | 0 ||| PLANNING D:1-11
   286 | D:1      | Reached skill level 6 in Ranged Weapons
   286 | D:1      | Reached XP level 2. HP: 16/16 MP: 4/4
   426 | D:1      | Found a faded altar of an unknown god.
   796 | D:1      | 796 ||| UPGRADING to +0 ring mail.
   806 | D:1      | 806 ||| DROPPING +0 leather armour.
   807 | D:1      | 807 ||| UPGRADING to amulet of faith.
   812 | D:1      | 812 ||| READING scroll labelled PORETI AQUEQA.
   813 | D:1      | 813 ||| READING 3 scrolls labelled PAFOEXA TEYRYE.
   813 | D:1      | 813 ||| IDENTIFYING brown potion
   814 | D:1      | 814 ||| READING 2 scrolls of identify.
   814 | D:1      | 814 ||| IDENTIFYING lumpy silvery potion
   815 | D:1      | 815 ||| DROPPING scroll of butterflies.
   816 | D:1      | 816 ||| DROPPING potion of ambrosia.
   817 | D:1      | HP: 2/16 [poisoned by you (poison gas)]
   818 | D:1      | 818 ||| Stepping ~*~*~tactically~*~*~ (cloud).
   818 | D:1      | Succumbed to their own poison gas

Levels and vault maps discovered:
D:1:      psy_arrival_radial01, layout_loops_ring, ebering_ecumenical_altar_rust

Skill      XL: |  1 |
---------------+----+-----
Ranged Weapons | 6 |  6.2
Fighting       | |  1.5
Dodging        | |  2.4
Stealth        | |  1.2

Action                     || total
---------------------------++-------
   Fire: Shortbow          ||    45
    Use: Scroll            ||     3
 Armour: Leather armour    ||     8
  Dodge: Dodged            ||    13

Table legend:
 A = Non-vault XP
 B = Vault XP
 C = Vault XP percentage of total XP
 D = Non-vault monster count
 E = Vault monster count
 F = Vault count percentage of total count
                 A         B        C        D         E       F
            +---------+---------+-------+---------+---------+-------
      Total |      25 |       0 |   0.0 |      14 |       0 |   0.0
            +---------+---------+-------+---------+---------+-------
        D:1 |      25 |       0 |   0.0 |      14 |       0 |   0.0
            +---------+---------+-------+---------+---------+-------
